 Dungeon Crawl Stone Soup version 0.21.1-1-g345015f (webtiles) character file.

331 Kairos the Covered (level 6, 0/48 HPs)
             Began as a Formicid Fighter on Apr 7, 2018.
             Killed by nerve-wracking pain
             ... invoked by Grinder
              (2 damage)
             ... on level 3 of the Dungeon.
             The game lasted 00:02:26 (1745 turns).

Kairos the Covered (Formicid Fighter)               Turns: 1745, Time: 00:02:27

Health: 0/48       AC:  8    Str: 26    XL:     6   Next: 82%
Magic:  15/15      EV:  9    Int:  7    God:
Gold:   66         SH: 10    Dex: 12    Spells: 5/5 levels left

rFire    + . .     SeeInvis +   a - +0 war axe
rCold    . . .     Gourm    .   c - +0 shield
rNeg     . . .     Faith    .   b - +0 scale mail
rPois    .         Spirit   .   (helmet unavailable)
rElec    .         Reflect  .   (no cloak)
rCorr    .         Harm     .   i - +0 pair of gloves
MR       .....                  (no boots)
Stlth    ..........             (no amulet)
HPRegen  0.16/turn              k - ring of magical power
MPRegen  0.14/turn              m - ring of protection from fire

@: mighty
A: permanent stasis, dig shafts and tunnels, four strong arms, antennae 3
a: Dig, Shaft Self


You were on level 3 of the Dungeon.
You were hungry.

You visited 1 branch of the dungeon, and saw 3 of its levels.

You collected 66 gold pieces.

Inventory:

Hand Weapons
 a - a +0 war axe (weapon)
Armour
 b - a +0 scale mail (worn)
 c - a +0 shield (worn)
 i - a +0 pair of gloves (worn)
Jewellery
 k - a ring of magical power (left hand)
 m - a ring of protection from fire (right hand)
Scrolls
 e - a scroll of blinking {unknown}
 g - a scroll of amnesia {unknown}
 l - 2 scrolls of fear {unknown}
 o - a scroll of enchant weapon {unknown}
 p - 3 scrolls of remove curse {unknown}
 q - a scroll of fog {unknown}
 r - a scroll of magic mapping {unknown}
 t - 2 scrolls of teleportation {unknown}
Potions
 h - a potion of mutation {unknown}
 j - 2 potions of flight {unknown}
 n - a potion of cancellation {unknown}
 u - a potion of heal wounds {unknown}
Comestibles
 f - 6 rations


   Skills:
 + Level 3.9 Fighting
 + Level 4.4 Axes
 + Level 5.1 Armour
 + Level 1.0 Dodging
 + Level 0.1 Stealth
 + Level 4.6 Shields


You had 5 spell levels left.
You didn't know any spells.

Dungeon Overview and Level Annotations

Branches:
Dungeon (3/15)

Altars:
Qazlal
Wu Jian

Annotations:
D:3 Grinder


Innate Abilities, Weirdness & Mutations

You cannot be hasted, slowed, berserked, paralysed or teleported.
You can dig through walls and to a lower floor.
Your four strong arms can wield two-handed weapons with a shield.
You have a pair of large antennae on your head. (SInv)


Message History

Grinder hits you!
* * * LOW HITPOINT WARNING * * *
Grinder gestures at you. Pain shoots through your body!
* * * LOW HITPOINT WARNING * * *
You barely miss Grinder.
Grinder is heavily wounded.
Grinder completely misses you.
You barely miss Grinder.
Grinder is heavily wounded.
Grinder barely misses you.
You hit Grinder.
Grinder is heavily wounded.
Grinder completely misses you.
You slash Grinder!
Grinder is almost dead.
Grinder hits you but does no damage. Grinder gestures at you.
Pain shoots through your body!
You die...

. ##### [. ###
###...###..% ..#
###.........%. #.#
#......._..... #.#
#...(5@[......
####.###†....8....###
#..†<....(........#
.....####<###._......#
### #..##?.......#
##.####...##.# ..
#......# ##w #..#####
.. .##


You could see Grinder.

Vanquished Creatures
  Sigmund (D:2)
  Jessica (D:3)
  Natasha (thrice) (D:1)
  An adder (D:2)
  2 oozes (D:1)
  A worm (D:2)
  2 dart slugs
  3 leopard geckos
  10 bats
  4 giant cockroaches
  3 goblins
  6 hobgoblins
  A ball python (D:2)
  2 frilled lizards (D:1)
  6 kobolds
  3 rats
49 creatures vanquished.

Notes
Turn   | Place    | Note
-------+----------+-------------------------------------------
     0 | D:1      | Kairos the Formicid Fighter began the quest for the Orb.
     0 | D:1      | Reached XP level 1. HP: 18/18 MP: 1/1
    86 | D:1      | Reached XP level 2. HP: 19/24 MP: 2/2
   244 | D:1      | Reached XP level 3. HP: 28/29 MP: 3/3
   498 | D:2      | Noticed Natasha
   498 | D:2      | Noticed Sigmund
   510 | D:1      | Killed Natasha
   510 | D:1      | Reached skill level 4 in Armour
   510 | D:1      | Reached XP level 4. HP: 8/36 MP: 4/4
   614 | D:1      | Noticed Natasha
   621 | D:1      | Killed Natasha
   761 | D:1      | Noticed Natasha
   771 | D:1      | Killed Natasha
   771 | D:1      | Reached XP level 5. HP: 7/42 MP: 5/5
  1367 | D:2      | Killed Sigmund
  1367 | D:2      | Reached skill level 5 in Armour
  1367 | D:2      | Reached XP level 6. HP: 48/48 MP: 6/6
  1707 | D:3      | Found a stormy altar of Qazlal.
  1725 | D:3      | Found an ornate altar of the Wu Jian Council.
  1728 | D:3      | Noticed Grinder
  1730 | D:3      | Noticed Jessica
  1737 | D:3      | Killed Jessica
  1737 | D:3      | Reached skill level 1 in Dodging
  1741 | D:3      | HP: 1/48 [Grinder/nerve-wracking pain (11)]
  1745 | D:3      | Killed from afar by Grinder

Skill      XL: |  1  2  3  4  5  6 |
---------------+-------------------+-----
Armour         | 4 5 |  5.1
Shields        | 4 |  4.6
Axes           | 3 4 |  4.4
Dodging        | 1 |  1.0
Fighting       | |  3.9
Stealth        | |  0.1

Action                   |  1- 3 |  4- 6 || total
-------------------------+-------+-------++-------
Melee: War axe           |    70 |    83 ||   153
  Use: Potion            |       |     1 ||     1
  Eat: Chunk             |       |     2 ||     2
Armor: Scale mail        |    33 |    34 ||    67
Dodge: Dodged            |    23 |    33 ||    56
Block: Shield            |    27 |    32 ||    59
